 Dungeon Crawl Stone Soup version 0.28-a0-556-gab23d0e057 (webtiles) character file.

Game seed: 5837912347235950645

12647 miscthings the Basher (level 11, -3/99 HPs)
             Began as a Naga Fighter on Sept 29, 2021.
             Was a Believer of Cheibriados.
             Slain by a warg (14 damage)
             ... on level 10 of the Dungeon.
             The game lasted 00:25:38 (10188 turns).

miscthings the Basher (Naga Fighter)               Turns: 10188, Time: 00:25:39

Health: -3/99      AC:  8    Str: 28    XL:     11   Next: 96%
Magic:  22/22      EV: 11    Int: 21    God:    Cheibriados [**....]
Gold:   723        SH:  0    Dex: 18    Spells: 13/13 levels left

rFire   . . .      SeeInvis +   q - +1 flail (drain)
rCold   + . .      Faith    .   c - +0 buckler
rNeg    . . .      Spirit   .   m - +0 troll leather armour
rPois   +          Reflect  .   (no helmet)
rElec   .          Harm     .   l - +0 cloak
rCorr   .          Rampage  .   k - +0 pair of gloves
Will    +....                   (no barding)
Stlth   +.........              y - amulet of regeneration
HPRegen 2.26/turn               a - ring of magical power
MPRegen 0.18/turn               g - +6 ring of intelligence

@: confused, ambrosia-drunk, very slow
A: AC +3, large, see invisible, deformed body, poison resistance, slowness 2,
spit poison 1, naga tail 1, cold resistance 1, strong 1, subdued magic 1
a: Spit Poison, Renounce Religion, Bend Time


You were on level 10 of the Dungeon.
You worshipped Cheibriados.
Cheibriados was pleased with you.
You visited 2 branches of the dungeon, and saw 12 of its levels.

You collected 723 gold pieces.

Inventory:

Hand Weapons
 q - a +1 flail of draining (weapon)
 z - a +1 flail of holy wrath
Missiles
 p - 2 throwing nets
Armour
 c - a +0 buckler (worn)
 k - a +0 pair of gloves (worn)
 l - a +0 cloak (worn)
 m - a +0 troll leather armour (worn)
 r - +0 acid dragon scales
 E - a +1 robe of cold resistance
Jewellery
 a - a ring of magical power (left hand)
 g - a +6 ring of intelligence (right hand)
 y - an amulet of regeneration (around neck)
 D - a ring of ice
Wands
 d - a wand of flame (17)
 B - a wand of digging (11)
Scrolls
 b - a scroll of immolation {unknown}
 f - 2 scrolls of blinking
 n - a scroll of enchant armour {unknown}
 s - a scroll of acquirement {unknown}
 t - a scroll of vulnerability {unknown}
 w - a scroll of magic mapping
 x - a scroll of fog
 F - a scroll of summoning {unknown}
Potions
 e - a potion of curing
 h - 4 potions of flight
 i - 5 potions of attraction
 j - 5 potions of mutation
 o - 3 potions of lignification
 u - 2 potions of might
 v - a potion of resistance
 A - a potion of cancellation
 C - a potion of ambrosia


   Skills:
 * Level 6.4 Fighting
 - Level 14.4 Maces & Flails
 + Level 4.9 Armour
 + Level 4.0 Dodging
 + Level 4.9 Shields
 + Level 1.6 Spellcasting
 + Level 2.3 Invocations
 + Level 4.9 Evocations


You had 13 spell levels left.
You didn't know any spells.
Your spell library contained the following spells:

 Spells                   Type           Power      Damage    Failure   Level
 Shock                    Conj/Air       4%         1d3       14%         1
 Ensorcelled Hibernation  Hex/Ice        2%         N/A       22%         2
 Sublimation of Blood     Necr           0%         N/A       22%         2
 Wereblood                Tmut           1%         N/A       22%         2
 Gell's Gravitas          Tloc           0%         N/A       41%         3
 Lesser Beckoning         Tloc           1%         N/A       41%         3
 Swiftness                Air            1%         N/A       41%         3
 Teleport Other           Tloc           1%         N/A       41%         3
 Tukima's Dance           Hex            1%         N/A       41%         3
 Airstrike                Air            0%         N/A       83%         4
 Petrify                  Tmut/Erth      1%         N/A       83%         4
 Metabolic Englaciation   Hex/Ice        0%         N/A       99%         5
 Summon Forest            Summ/Tloc      0%         N/A       99%         5
 Summon Mana Viper        Hex/Summ       1%         N/A       99%         5
 Statue Form              Tmut/Erth      0%         N/A       100%        6
 Summon Cactus Giant      Summ           0%         N/A       100%        6
 Summon Hydra             Summ           0%         N/A       100%        7


Dungeon Overview and Level Annotations

Branches:
Dungeon (11/15)            Temple (1/1) D:4            Lair (0/6) D:10
    Orc (0/2) D:11

Altars:
Ashenzari
Cheibriados
Dithmenos
Fedhas
Gozag
Kikubaaqudgha
Makhleb
Nemelex Xobeh
Okawaru
Qazlal
Ru
Sif Muna
Trog
Uskayaw
Wu Jian
Xom
Zin
The Shining One
Beogh

Shops:
D:1 (   D:3 :*(   D:4 (

Annotations:
D:4 2 transporters, Spaninq's ghost, amateur HOCA


Innate Abilities, Weirdness & Mutations

Your serpentine skin is tough. (AC +3)
You have supernaturally acute eyesight. (SInv)
Armour fits poorly on your strangely shaped body.
Your system is resistant to poisons. (rPois)
You cover ground very slowly.
You can spit poison.
You have a snake-like lower body.
Your flesh is cold resistant. (rC+)
Your muscles are strong. (Str +2)
Your spells are a little easier to cast, but a little less powerful.


Message History

You kill the gnoll!
Cheibriados appreciates the change of pace.
The warg bites you!
* * * LOW HITPOINT WARNING * * *
You hit the gnoll.
The gnoll is lightly wounded.
The gnoll completely misses you. The warg barely misses you.
You thump the gnoll!
You kill the gnoll!
Cheibriados appreciates the change of pace.
Drop what? 32/52 slots (_ for help) (? for menu, Esc to quit)
Okay, then.
Abil: Spit Poison
Press: ? - help, Q - select action, (/) - cycle Shift-Dir - straight line, f - gnoll
Aim: a gnoll, wielding a +0 spear (moderately wounded, heavily drained)
The splash of poison hits the gnoll.
The gnoll is poisoned.
The gnoll is heavily wounded.
The warg bites you but does no damage. The warg bites you!
* * * LOW HITPOINT WARNING * * *
You hit the warg.
The warg is lightly wounded.
The warg bites you.
* * * LOW HITPOINT WARNING * * *
It was a potion of ambrosia.
You are confused.
You feel invigorated. The warg bites you!
* * * LOW HITPOINT WARNING * * *
You hit the warg.
The warg is lightly wounded.
You have got your breath back.
The warg closely misses you.
You barely miss the gnoll.
The gnoll is severely wounded.
The warg bites you but does no damage.
You miss the gnoll.
The gnoll is severely wounded.
The gnoll looks more healthy.
The gnoll hits you with a +0 spear.
* * * LOW HITPOINT WARNING * * *
The warg bites you!
You die...

h....##...#
............#...#####
.....>...oo..........
..................... .......
##)....... #...... ##.).......
#.... ###.o).......
#..g##.h##........
#@#..##........
....#..##hoo##........
........#..#g#x.##........
#..........g##..##........
#..........# #..##........
#..........# #.)##........ .
#......##..###............
.####.(....##........#.........#
...........##........#...#####.#


You could see an unseen horror (invisible), a warg, an orc wizard (invisible), a
gnoll (drained) and an orc.

Vanquished Creatures
  Fannar (D:10)
  A centaur warrior (D:11)
  A two-headed ogre (D:11)
  A deep elf pyromancer (D:10)
  A cyclops (D:6)
  A gargoyle (D:11)
  A kobold demonologist (D:11)
  A troll (D:11)
  2 wraiths
  A steam dragon (D:7)
  26 yaks
  Edmund (D:4)
  2 acid dragons
  A water moccasin (D:6)
  An ice beast (D:6)
  A black bear (D:8)
  2 necrophages (D:6)
  5 orc warriors
  2 ogres (D:6)
  4 phantoms
  6 centaurs
  2 bullfrogs
  A kobold brigand (D:6)
  A wyvern skeleton (D:6)
  A scorpion (D:6)
  9 killer bees
  10 wights
  3 howler monkeys (D:9)
  A jelly (D:7)
  A bullfrog zombie (D:4)
  5 centaur zombies
  2 hounds
  10 orc priests
  A bullfrog skeleton (D:5)
  A centaur skeleton (D:7)
  4 iguanas
  7 orc wizards
  A howler monkey zombie (D:11)
  7 adders
  7 gnolls
  A white imp (D:7)
  3 ufetubi
  An adder skeleton (D:4)
  2 worms (D:3)
  4 dart slugs
  38 orcs
  2 bats (D:2)
  8 endoplasms
  4 giant cockroaches
  7 goblins
  8 hobgoblins
  2 quokkas
  9 ball pythons
  5 frilled lizards
  7 kobolds
  4 rats
241 creatures vanquished.

Vanquished Creatures (others)
  An orc wizard (D:8)
1 creature vanquished.

Grand Total: 242 creatures vanquished

Notes
Turn   | Place    | Note
-------+----------+-------------------------------------------
     0 | D:1      | miscthings the Naga Fighter began the quest for the Orb.
     0 | D:1      | Reached XP level 1. HP: 21/21 MP: 1/1
   136 | D:1      | Found Reiwkiw's Antique Weapon Emporium.
   155 | D:1      | Reached XP level 2. HP: 18/28 MP: 2/2
   195 | D:1      | Reached skill level 3 in Maces & Flails
   465 | D:1      | Reached XP level 3. HP: 34/34 MP: 3/3
   785 | D:2      | Reached skill level 4 in Maces & Flails
  1219 | D:3      | Reached XP level 4. HP: 42/42 MP: 4/4
  1351 | D:3      | Found a glowing silver altar of Zin.
  1510 | D:3      | Found Uxtubluj's General Store.
  1577 | D:3      | Found Cinlam's Book Emporium.
  1647 | D:3      | Found Ceschegh's Weapon Boutique.
  1967 | D:4      | Noticed Spaninq's ghost (amateur HOCA)
  1967 | D:4      | Noticed an ogre
  1968 | D:4      | Found a transporter.
  1968 | D:4      | Noticed an ogre
  2115 | D:4      | Reached skill level 5 in Maces & Flails
  2115 | D:4      | Reached XP level 5. HP: 33/49 MP: 5/5
  2143 | D:4      | Found Yneabbuz's Weapon Boutique.
  2233 | D:4      | Found an opulent altar of Gozag.
  2406 | D:4      | Found a staircase to the Ecumenical Temple.
  2414 | Temple   | Entered the Ecumenical Temple
  2853 | D:4      | Reached skill level 6 in Maces & Flails
  2853 | D:4      | Reached XP level 6. HP: 6/56 MP: 6/6
  3192 | D:4      | Found a broken altar of Ashenzari.
  3283 | D:4      | Noticed Edmund
  3294 | D:4      | Gained mutation: Your spells are a little easier to cast,
                  | but a little less powerful. [potion of mutation]
  3294 | D:4      | Gained mutation: Your muscles are strong. (Str +2) [potion
                  | of mutation]
  3294 | D:4      | Gained mutation: Your flesh is cold resistant. (rC+)
                  | [potion of mutation]
  3308 | D:4      | Killed Edmund
  3375 | D:4      | Reached skill level 7 in Maces & Flails
  3447 | D:5      | Entered Level 5 of the Dungeon
  3615 | D:4      | Found a transporter.
  3862 | D:5      | Reached XP level 7. HP: 59/62 MP: 7/7
  4119 | D:5      | Noticed a yak
  4119 | D:5      | Noticed a yak
  4119 | D:5      | Noticed a yak
  4120 | D:5      | Noticed a yak
  4120 | D:5      | Noticed a yak
  4132 | D:5      | Killed a yak
  4133 | D:5      | Reached skill level 8 in Maces & Flails
  4135 | D:5      | Killed a yak
  4136 | D:5      | Reached skill level 9 in Maces & Flails
  4136 | D:5      | Reached XP level 8. HP: 31/69 MP: 8/8
  4138 | D:5      | Killed a yak
  4144 | D:5      | Killed a yak
  4149 | D:5      | Killed a yak
  4150 | D:5      | Reached skill level 10 in Maces & Flails
  4515 | D:6      | Found a shadowy altar of Dithmenos.
  4752 | D:6      | Reached skill level 11 in Maces & Flails
  4961 | D:6      | Reached XP level 9. HP: 70/75 MP: 9/9
  5178 | D:6      | Noticed a cyclops
  5201 | D:6      | Reached skill level 12 in Maces & Flails
  5206 | D:6      | Killed a cyclops
  5638 | D:6      | Reached skill level 13 in Maces & Flails
  6246 | D:7      | Reached XP level 10. HP: 84/84 MP: 10/10
  6258 | D:7      | Reached skill level 14 in Maces & Flails
  6577 | D:7      | Found a shimmering blue altar of Sif Muna.
  6579 | D:7      | Found a shimmering altar of Xom.
  6928 | D:7      | Found a stormy altar of Qazlal.
  7501 | D:8      | Reached skill level 1 in Evocations
  7557 | D:8      | Found a sparkling altar of Nemelex Xobeh.
  7673 | D:8      | Reached skill level 1 in Dodging
  8268 | Temple   | Became a worshipper of Cheibriados the Contemplative
  8660 | D:9      | Reached XP level 11. HP: 35/93 MP: 11/11
  8672 | D:9      | Reached * piety under Cheibriados
  8808 | D:9      | Found an iron altar of Okawaru.
  9070 | D:10     | Entered Level 10 of the Dungeon
  9200 | D:10     | Noticed Fannar
  9229 | D:11     | Reached skill level 5 in Fighting
  9354 | D:11     | Reached ** piety under Cheibriados
  9421 | D:11     | Found a staircase to the Orcish Mines.
  9459 | D:11     | Noticed a centaur warrior
  9473 | D:11     | Killed a centaur warrior
  9892 | D:11     | Noticed a two-headed ogre
  9901 | D:11     | Killed a two-headed ogre
  9902 | D:11     | Reached skill level 1 in Spellcasting
  9902 | D:11     | Reached skill level 1 in Invocations
 10067 | D:10     | Killed Fannar
 10110 | D:10     | Noticed a deep elf pyromancer
 10119 | D:10     | Killed a deep elf pyromancer
 10178 | D:10     | Found a staircase to the Lair.
 10185 | D:10     | HP: 3/99 [warg (10)]
 10188 | D:10     | Slain by a warg

Illustrated notes

Levels and vault maps discovered:
D:1:      heliophobic_arrival_ceremonial_halls, layout_basic, serial_shops,
          shop, chequers_serial_rivers_marsh
D:2:      layout_loops_ring, eino_tiny_chamber
D:3:      layout_loops_ring, zin_statuary, serial_shops, shop,
          nicolae_shop_stone, shop_statue
D:4:      layout_basic, kennysheep_mini_moat, kennysheep_little_box,
          minmay_temple_entry_statues_pillars, gammafunk_ghost_smash,
          serial_shops, shop, chequers_serial_rivers_large_a,
          minmay_splitting_lines, uniq_edmund
D:5:      layout_loops_cross, serial_glass, glass_columns_b, glass_columns_a,
          glass_columns_a, glass_columns_b, glass_columns_b, glass_columns_b,
          glass_columns_a, glass_columns_a, kennysheep_cluttered_room
D:6:      minmay_chambers_of_sixes, layout_rooms,
          nicolae_dithmenos_through_a_glass_darkly
D:7:      layout_gridville, nicolae_qazlal_eye_of_the_storm,
          chequers_temple_overflow_statue_of_worship
D:8:      layout_loops_ring, nemelex_xobeh_ov_fountains_minmay
D:9:      layout_irregular_city, mainiacjoe_overflow_chevrons
D:10:     argonaut_augean_stables, layout_long_grid, kennysheep_ying_yang,
          nicolae_hepliaklqana_monster_ancestors, lemuel_crystal_altar,
          erik_lair_orcish_takeover, minivault_23, uniq_fannar
D:11:     layout_roguey, david_orc_5
Temple:   nicolae_temple_figure_zero

Skill      XL: |  1  2  3  4  5  6  7  8  9 10 11 |
---------------+----------------------------------+-----
Maces & Flails | 3 4 5 6 7 9 11 13 14 | 14.4
Evocations     | 3 4 |  4.9
Dodging        | 2 4 |  4.0
Armour         | 3 4 |  4.9
Shields        | 3 4 |  4.9
Fighting       | 4 6 |  6.4
Spellcasting   | 1 |  1.6
Invocations    | 2 |  2.3

Action                   |  1- 3 |  4- 6 |  7- 9 | 10-12 || total
-------------------------+-------+-------+-------+-------++-------
Melee: Flail             |    65 |   116 |   186 |   449 ||   816
Invok: Bend Time         |       |       |       |     5 ||     5
 Abil: Spit Poison       |    22 |    40 |    23 |    54 ||   139
Evoke: Wand              |       |       |       |     8 ||     8
  Use: Potion            |       |     8 |     3 |     5 ||    16
       Scroll            |       |     2 |     3 |    10 ||    15
 Stab: Invisible         |       |     1 |       |       ||     1
Armor: Scale mail        |    28 |    63 |    40 |   121 ||   252
       Troll leather arm |       |       |       |   101 ||   101
Dodge: Dodged            |    28 |    54 |    68 |   255 ||   405
Block: Buckler           |    10 |    18 |    35 |   134 ||   197

Table legend: (Time is in decaauts)
 A = Elapsed time spent in this place.
 B = Non-inter-level travel time spent in this place.
 C = Inter-level travel time spent in this place.
 D = Time resting spent in this place.
 E = Time spent auto-exploring this place.
 F = Levels seen in this place.
 G = Mean time per level.
                   A        B        C        D        E       F      G
               +--------+--------+--------+--------+--------+-----+--------+
         Total |  13364 |  12534 |    830 |   2477 |   7517 |  12 | 1113.7 |
       Dungeon |  13167 |  12378 |    789 |   2477 |   7362 |  11 | 1197.0 |
        Temple |    197 |    156 |     41 |      0 |    154 |   1 |  197.0 |
               +--------+--------+--------+--------+--------+-----+--------+

Top non-repeatable levels by time:
     D:7: 2020 daAuts
     D:4: 2006 daAuts
     D:6: 1413 daAuts
    D:11: 1399 daAuts
     D:9: 1279 daAuts
     D:5: 1052 daAuts
     D:3: 1009 daAuts
     D:8: 941 daAuts
     D:2: 920 daAuts
     D:1: 703 daAuts
    D:10: 421 daAuts
  Temple: 197 daAuts
